 Dungeon Crawl Stone Soup version 0.27.1-1-g398f81649c (webtiles) character file.

Game seed: 2095291677458481430

2273 Descartes the Tainter (level 9, -14/45 HPs)
             Began as a Deep Elf Venom Mage on Sept 20, 2021.
             Was an Initiate of Gozag.
             Blown up by Maurice (29 damage)
             ... with a mindburst bolt
             ... on level 8 of the Dungeon.
             The game lasted 00:30:03 (9532 turns).

Descartes the Tainter (Deep Elf Venom Mage)         Turns: 9532, Time: 00:30:03

Health: -14/45     AC: 12    Str:  7    XL:     9   Next: 16%
Magic:  0/16       EV: 20    Int: 22    God:    Gozag
Gold:   701        SH:  0    Dex: 15    Spells: 4/15 levels left

rFire    . . .     SeeInvis .   L - +1 short sword (elec)
rCold    . . .     Faith    .   (no shield)
rNeg     . . .     Spirit   +   f - +0 swamp dragon scales
rPois    +         Reflect  .   M - +1 helmet
rElec    .         Harm     .   (no cloak)
rCorr    .         Rampage  .   N - +1 pair of gloves
Will     .....                  n - +0 pair of boots
Stlth    ++........             p - amulet of guardian spirit
HPRegen  0.15/turn              E - +4 ring of evasion
MPRegen  0.15/turn              G - +4 ring of evasion

@: no status effects
A: no striking features
a: Renounce Religion, Potion Petition, Call Merchant, Bribe Branch


You were on level 8 of the Dungeon.
You worshipped Gozag.
Gozag was pleased with you.
You visited 2 branches of the dungeon, and saw 9 of its levels.

You collected 874 gold pieces.
You spent 162 gold pieces at shops.
You paid 11 gold pieces to Gozag.

Inventory:

Hand Weapons
 a - a +0 hunting sling
 g - a +3 dagger
 B - a +0 hand crossbow
 I - a +0 shortbow
 L - a +1 short sword of electrocution (weapon)
Missiles
 c - 212 stones
 i - 2 poisoned darts
 k - 37 sling bullets
 q - 58 arrows
 r - 2 silver boomerangs
 y - 9 boomerangs
 C - 88 bolts
Armour
 f - +0 swamp dragon scales (worn)
 n - a +0 pair of boots (worn)
 J - the +1 ring mail of Veimp {Rampage rC- Int+2 Dex+4}
   (You found it on level 6 of the Dungeon)

   Int:       It affects your intelligence (+2).
   Dex:       It affects your dexterity (+4).
   rC:        It makes you vulnerable to cold.
   Rampage:   It bestows one free step when moving towards enemies.
 M - a +1 helmet (worn)
 N - a +1 pair of gloves (worn)
Jewellery
 p - an amulet of guardian spirit (around neck)
 E - a +4 ring of evasion (left hand)
 G - a +4 ring of evasion (right hand)
Wands
 t - a wand of acid (5)
 D - a wand of mindburst (5)
 K - a wand of iceblast (6)
Scrolls
 d - 3 scrolls of immolation
 h - a scroll of enchant armour {unknown}
 j - 3 scrolls of fear
 m - 2 scrolls of torment
 o - a scroll of amnesia
 u - a scroll of vulnerability
 v - 2 scrolls of fog
 w - 3 scrolls of teleportation
 x - 4 scrolls of magic mapping
 F - a scroll of blinking {unknown}
 H - 2 scrolls of enchant weapon {unknown}
Potions
 b - a potion of resistance
 e - 4 potions of curing
 l - a potion of brilliance
 s - 2 potions of heal wounds
 A - 2 potions of lignification
Miscellaneous
 z - a condenser vane (inert)


   Skills:
 + Level 6.8 Dodging
 + Level 4.0 Stealth
 + Level 3.9 Spellcasting
 + Level 3.5 Conjurations
 + Level 3.0 Hexes
 - Level 2.0 Transmutations
 + Level 10.6 Poison Magic
 + Level 1.5 Evocations


You had 4 spell levels left.
You knew the following spells:

 Your Spells              Type           Power      Damage    Failure   Level
a - Sting                 Tmut/Pois      100%       1d8       3%          1
b - Olgreb's Toxic Radia  Pois           50%        N/A       4%          4
c - Magic Dart            Conj           76%        1d6       10%         1
d - Poisonous Vapours     Pois/Air       54%        N/A       7%          2
e - Confusing Touch       Hex            17%        N/A       34%         3

Your spell library contained the following spells:

 Spells                   Type           Power      Damage    Failure   Level
 Searing Ray              Conj           38%        3d4       14%         2
 Slow                     Hex            17%        N/A       17%         2
 Mephitic Cloud           Conj/Pois/Air  25%        N/A       17%         3
 Wereblood                Tmut           13%        N/A       26%         2
 Sublimation of Blood     Necr           2%         N/A       52%         2
 Fulminant Prism          Conj/Hex       9%         3d7       71%         4
 Yara's Violent Unravell  Hex/Tmut       7%         3d5       98%         5
 Summon Hydra             Summ           2%         N/A       100%        7


Dungeon Overview and Level Annotations

Branches:
Dungeon (8/15)             Temple (1/1) D:6
   Lair: D:8-11

Altars:
Ashenzari
Cheibriados
Dithmenos
Elyvilon
Gozag
Hepliaklqana
Kikubaaqudgha
Makhleb
Nemelex Xobeh
Qazlal
Sif Muna
Trog
Uskayaw
Vehumet
Wu Jian
Xom
Yredelemnul
Zin
The Shining One

Shops:
D:2 ?   D:4 ?   D:6 (

Annotations:
D:8 Maurice


Message History

You kill the orc!
Unknown command.
Casting: Olgreb's Toxic Radiance (dangerous; 4% risk of failure)
Confirm with . or Enter, or press ? or * to list all spells.
Aiming: Poisonous Vapours (safe; 7% risk of failure)
Press: ? - help, Dir - move target, f/p - Maurice
Aim: Maurice, wielding a +0 dagger, wearing a +0 cloak and carrying a wand of mindburst (10) (moderately wounded, confused, extremely poisoned) Poisonous vapours surround Maurice!
Maurice looks as sick as possible!
C - 88 bolts (gained 8)
You now have 701 gold pieces (gained 9).
r - 2 silver boomerangs You see here a +0 hand axe.
Casting: Poisonous Vapours (safe; 7% risk of failure)
Confirm with . or Enter, or press ? or * to list all spells.
Aiming: Poisonous Vapours (safe; 7% risk of failure)
Press: ? - help, Dir - move target, f/p - Maurice
Aim: Maurice, wielding a +0 dagger, wearing a +0 cloak and carrying a wand of mindburst (10) (moderately wounded, confused, very poisoned) Poisonous vapours surround Maurice!
Maurice looks as sick as possible!
Casting: Poisonous Vapours (safe; 7% risk of failure)
Confirm with . or Enter, or press ? or * to list all spells.
Aiming: Poisonous Vapours (safe; 7% risk of failure)
Press: ? - help, Dir - move target, f/p - Maurice
Aim: Maurice, wielding a +0 dagger, wearing a +0 cloak and carrying a wand of mindburst (10) (moderately wounded, extremely poisoned) Poisonous vapours surround Maurice!
Maurice looks as sick as possible!
Maurice gestures wildly while chanting.
Maurice flickers and vanishes!
Deactivating autopickup; reactivate with Ctrl-A.
Something drops a +0 dagger.
Something picks up a +0 hand axe.
You hear a zap.
Your mind is blasted!
Something hits you but does no damage.
You hear some strange, mumbled words.
You hear a zap.
Your mind is blasted!
Ouch! That really hurt!
You hear some strange, mumbled words.
You hear a zap.
Your mind is blasted!
Ouch! That really hurt!
You die...

...#..)......#>........#
######)####.##..#########
#.####.####.###'#.......#
'........#......#.......#
#........+......#.......#
#........#......'.......#
#........########.......#
#........#.......########
######...#......@#.....#
#...#.......#.....#
...#.......#.....#
#.......#.....#
#.......#.....#
#.......#.....#
#.......#.....#
######..).# #.###.....#


There were no monsters in sight!

Vanquished Creatures
  Sigmund (D:3)
  Eustachio (D:3)
  A steam dragon (D:8)
  A water moccasin (D:7)
  An orc warrior (D:7)
  3 ogres
  2 phantoms
  Blork the orc (D:4)
  A bullfrog (D:7)
  3 scorpions
  A water moccasin skeleton (D:6)
  A howler monkey (D:5)
  2 bullfrog zombies
  A human zombie (D:4)
  2 hounds
  A jelly (D:6)
  A bullfrog skeleton (D:2)
  A centaur skeleton (D:7)
  An iguana (D:4)
  10 orc wizards
  A killer bee zombie (D:6)
  A hound skeleton (D:5)
  A mummy (D:4)
  A gnoll (D:1)
  11 adders
  2 ufetubi (D:6)
  An adder zombie (D:4)
  2 worms
  2 dart slugs
  30 orcs
  6 ball pythons
  8 endoplasms
  6 giant cockroaches
  9 goblins
  6 hobgoblins
  2 jackals (D:4)
  4 quokkas
  4 bats
  2 frilled lizards (D:1)
  7 kobolds
  7 rats
149 creatures vanquished.

Notes
Turn   | Place    | Note
-------+----------+-------------------------------------------
     0 | D:1      | Descartes the Deep Elf Venom Mage began the quest for the
                  | Orb.
     0 | D:1      | Reached XP level 1. HP: 10/10 MP: 6/6
   258 | D:1      | Reached skill level 4 in Poison Magic
   258 | D:1      | Reached XP level 2. HP: 15/15 MP: 2/8
   653 | D:1      | Reached XP level 3. HP: 16/19 MP: 2/9
   728 | D:1      | Found a faded altar of an unknown god.
  1186 | D:2      | Found Qonim's Magic Scroll Shoppe.
  1232 | D:2      | Reached skill level 5 in Poison Magic
  1232 | D:2      | Reached XP level 4. HP: 16/24 MP: 10/10
  1409 | D:2      | Learned a level 4 spell: Olgreb's Toxic Radiance
  1413 | D:2      | Learned a level 3 spell: Mephitic Cloud
  2419 | D:3      | Found an opulent altar of Gozag.
  2450 | D:3      | Reached skill level 6 in Poison Magic
  2450 | D:3      | Reached XP level 5. HP: 16/28 MP: 1/11
  2953 | D:3      | Noticed Sigmund
  3588 | D:3      | Killed Sigmund
  3589 | D:3      | Reached skill level 7 in Poison Magic
  3589 | D:3      | Reached XP level 6. HP: 18/32 MP: 3/12
  3925 | D:3      | Became a worshipper of Gozag Ym Sagoz the Greedy
  4327 | D:4      | Found a shimmering blue altar of Sif Muna.
  4566 | D:4      | Reached skill level 8 in Poison Magic
  4687 | D:4      | Noticed Blork the orc
  4697 | D:4      | Killed Blork the orc
  4926 | D:4      | Noticed Eustachio
  4998 | D:3      | Killed Eustachio
  4999 | D:3      | Reached skill level 9 in Poison Magic
  4999 | D:3      | Reached XP level 7. HP: 31/36 MP: 4/13
  5172 | D:4      | Found Ridaloy's Magic Scroll Boutique.
  5182 | D:4      | Bought a scroll of identify for 24 gold pieces
  5182 | D:4      | Bought a scroll of fog for 24 gold pieces
  5182 | D:4      | Bought a scroll of identify for 24 gold pieces
  5182 | D:4      | Bought a scroll of noise for 12 gold pieces
  5182 | D:4      | Bought a scroll of teleportation for 36 gold pieces
  5182 | D:4      | Bought a scroll of magic mapping for 42 gold pieces
  5563 | D:4      | Learned a level 2 spell: Poisonous Vapours
  5821 | D:4      | Found an ancient bone altar of Kikubaaqudgha.
  5941 | D:5      | Entered Level 5 of the Dungeon
  5994 | D:5      | Reached skill level 10 in Poison Magic
  6105 | D:5      | Reached XP level 8. HP: 41/41 MP: 4/14
  6211 | D:5      | Reached skill level 5 in Dodging
  6574 | D:5      | Reached skill level 1 in Conjurations
  6654 | D:5      | Found an ornate altar of the Wu Jian Council.
  6987 | D:6      | Found a sparkling altar of Nemelex Xobeh.
  7300 | D:6      | Learned a level 3 spell: Confusing Touch
  7309 | D:6      | Identified the +1 ring mail of Veimp {Rampage rC- Int+2
                  | Dex+4}
  7406 | D:6      | Found Next's Antique Weapon Shoppe.
  7557 | D:6      | Reached skill level 1 in Hexes
  7734 | D:6      | Found a staircase to the Ecumenical Temple.
  7941 | D:6      | Found a broken altar of Ashenzari.
  8146 | Temple   | Entered the Ecumenical Temple
  8322 | D:7      | Learned a level 1 spell: Magic Dart
  8989 | D:7      | Reached skill level 1 in Evocations
  8989 | D:7      | Reached XP level 9. HP: 45/45 MP: 9/16
  9504 | D:8      | Noticed Maurice
  9532 | D:8      | Blown up by Maurice

Illustrated notes

Levels and vault maps discovered:
D:1:      mrwooster_arrival_statue, layout_basic,
          hellmonk_ecumenical_altar_crossroads, minmay_cut_off
D:2:      layout_basic, serial_shops, nicolae_shop_trees
D:3:      layout_loops_cross, mainiacjoe_overflow_catwalk, uniq_sigmund
D:4:      layout_rooms, amcnicky_altar_gilded,
          lemuel_mausoleum_altar_kikubaaqudgha, serial_shops,
          nicolae_shop_trees, hangedman_abyss_or_decor_jellyfish_corner,
          eino_small_chamber_without_monster, uniq_blork_the_orc, uniq_eustachio
D:5:      layout_rooms, pdpol_wu_jian_five_deadly_venoms
D:6:      layout_loops_ring, mainiacjoe_overflow_large_starburst,
          minmay_temple_entry_statues, serial_shops, nicolae_take_the_stairs
D:7:      layout_loops_ring
D:8:      layout_gridville, serial_shops, nicolae_shop_trees,
          supply_closet_lemuel, kennysheep_generic_room_7, uniq_joseph,
          uniq_maurice
Temple:   nicolae_temple_god_jail

Skill      XL: |  1  2  3  4  5  6  7  8  9 |
---------------+----------------------------+-----
Dodging        | 3 4 6 |  6.8
Poison Magic   | 4 5 6 7 9 10 | 10.6
Conjurations   | 3 |  3.5
Hexes          | 2 3 |  3.0
Stealth        | 3 4 |  4.0
Evocations     | 1 |  1.5
Transmutations | 2 |  2.0
Spellcasting   | |  3.9

Action                   |  1- 3 |  4- 6 |  7- 9 || total
-------------------------+-------+-------+-------++-------
Melee: Dagger            |     8 |     5 |   146 ||   159
       Short sword       |       |       |    32 ||    32
 Fire: Hand crossbow     |       |       |    17 ||    17
 Cast: Sting             |    54 |   156 |    79 ||   289
       Olgreb's Toxic Ra |       |     2 |    16 ||    18
       Poisonous Vapours |       |       |    15 ||    15
       Magic Dart        |       |       |     9 ||     9
Evoke: Wand              |       |       |     2 ||     2
       Condenser vane    |       |       |     2 ||     2
  Use: Scroll            |       |       |    11 ||    11
       Potion            |       |       |     1 ||     1
 Stab: Sleeping          |       |       |     2 ||     2
Armor: Robe              |     2 |       |       ||     2
       Swamp dragon scal |    12 |    33 |    75 ||   120
Dodge: Dodged            |    17 |    46 |   160 ||   223
